 Dungeon Crawl Stone Soup version 0.19.0-20-gbc5f0c6 (webtiles) character file.

469199 Charly the Executioner (level 23, -12/217 HPs)
             Began as a Deep Dwarf Gladiator on Nov 17, 2016.
             Was a Believer of Trog.
             Splashed by Qeuc the pandemonium lord's acid (14 damage)
             ... on level 2 of the Depths on Nov 18, 2016.
             The game lasted 03:06:11 (15467 turns).

Charly the Executioner (Deep Dwarf Gladiator)      Turns: 15467, Time: 03:06:12

Health: -12/217    AC: 28    Str: 22      XL:     23   Next: 21%
Magic:  10/10      EV: 15    Int: 12      God:    Trog [**....]
Gold:   736        SH:  0    Dex: 20 (21) Spells: 0 memorised, 22 levels left

rFire  + + +     SeeInvis +     a - +9 executioner's axe (venom)
rCold  + . .     Gourm    .     e - +3 gold dragon scales
rNeg   + . .     Faith    .     (shield currently unavailable)
rPois  +         Spirit   .     v - +0 mask of the Dragon {MR+ Slay+3 SInv}
rElec  +         Reflect  .     H - +2 cloak {+Inv}
rCorr  .         Harm     .     E - +0 pair of gloves "Dummiddu" {Dex+4}
MR     ++++.     Rnd*Rage +     m - +0 pair of boots of Boredom {*Contam rElec rF+}
Stlth  ..........               B - amulet "Elizxehu" {rF+ Regen+ MP+9 Str-5 Slay+5}
                                J - +3 ring of strength
                                q - ring of Xom's Flight of Fancy {rF++ AC+3 Int+2}

@: corroded, very slightly contaminated, non-regenerating, hasted, very quick
A: damage resistance, recharge devices, molten scales 1, berserk 1, blurry
vision 2, deformed body, deterioration 1, negative energy resistance 1, sense
surroundings 3, slow regeneration 3
a: Device Recharging, Berserk, Trog's Hand, Burn Spellbooks, Renounce Religion,
Evoke Invisibility
0: Orb of Zot
}: 3/15 runes: barnacled, silver, gossamer


You were on level 2 of the Depths.
You worshipped Trog.
Trog was pleased with you.
You were not hungry.

You visited 8 branches of the dungeon, and saw 46 of its levels.
You visited 1 bazaar.
You also visited: Labyrinth, Bailey and Ice Cave.

You collected 4614 gold pieces.
You spent 3878 gold pieces at shops.

Inventory:

Hand Weapons
 a - a +9 executioner's axe of venom (weapon)
 b - a +4 antimagic battleaxe
Missiles
 W - 7 throwing nets (quivered)
Armour
 e - +3 gold dragon scales (worn)
 g - the +9 chain mail "Viugoenn" {Str+3}
   (You bought it in a shop on level 2 of the Orcish Mines)

   It affects your strength (+3).
 m - the +0 pair of boots of Boredom (worn) {*Contam rElec rF+}
   (You found it on level 13 of the Dungeon)

   It protects you from fire.
   It insulates you from electricity.
   It causes magical contamination when unequipped.
 s - the +6 chain mail of the Gardener {MR+ rCorr Dex+4}
   (You found it in a labyrinth)

   It affects your dexterity (+4).
   It affects your resistance to hostile enchantments.
   It protects you from acid and corrosion.
 v - the +0 mask of the Dragon (worn) {MR+ Slay+3 SInv}
   (You bought it in a shop on level 2 of the Orcish Mines)

   It affects your accuracy and damage with ranged weapons and melee attacks
   (+3).
   It affects your resistance to hostile enchantments.
   It lets you see invisible.
 y - the +8 chain mail of the Tired Planets {rPois Regen+ Int+8 Stlth-}
   (You found it on level 4 of the Spider Nest)

   It affects your intelligence (+8).
   It protects you from poison.
   It increases your rate of regeneration.
   It makes you less stealthy.
 E - the +0 pair of gloves "Dummiddu" (worn) {Dex+4}
   (You bought it in a shop on level 2 of the Orcish Mines)

   It affects your dexterity (+4).
 H - a +2 cloak of invisibility (worn)
 T - the +8 plate armour of Gyomiso {rPois Str-3 Int+6 Dex-4}
   (You found it on level 5 of the Vaults)

   It affects your strength (-3).
   It affects your intelligence (+6).
   It affects your dexterity (-4).
   It protects you from poison.
Rods
 G - a +3 rod of ignition (13/13)
   (You took it off a deep elf elementalist on level 5 of the Vaults)
Jewellery
 c - an uncursed ring of protection from cold
 i - an uncursed ring of see invisible
 n - an uncursed ring of positive energy
 q - the ring of Xom's Flight of Fancy (left hand) {rF++ AC+3 Int+2}
   (You bought it in a shop on level 4 of the Depths)

   [ring of protection]

   It affects your AC (+3).
   It affects your intelligence (+2).
   It greatly protects you from fire.
 B - the amulet "Elizxehu" (around neck) {rF+ Regen+ MP+9 Str-5 Slay+5}
   (You found it on level 3 of the Spider Nest)

   [amulet of regeneration]

   It affects your strength (-5).
   It affects your accuracy and damage with ranged weapons and melee attacks
   (+5).
   It protects you from fire.
   It affects your magic capacity (+9).
   It increases your rate of regeneration.
 J - a +3 ring of strength (right hand)
Wands
 k - a wand of confusion (13/48)
 t - a wand of hasting (2/9)
 u - a wand of heal wounds (5/9)
 x - a wand of disintegration (6/24)
 X - a wand of confusion (22/48)
Scrolls
 h - 12 scrolls of remove curse
 I - 6 scrolls of fog
 P - a scroll of holy word
 Y - a scroll of silence
Potions
 o - a potion of berserk rage
 r - a potion of cancellation
 z - a potion of brilliance
 A - 7 potions of flight
 D - a potion of magic
 N - 2 potions of mutation
 R - a potion of invisibility
 S - 2 potions of curing
Miscellaneous
 j - a fan of gales (inert)
 l - a lamp of fire
 F - a sack of spiders
Comestibles
 f - 4 bread rations


   Skills:
 + Level 15.3 Fighting
 * Level 26.3 Axes
 - Level 1.7 Throwing
 * Level 20.0 Armour
 + Level 18.3 Dodging
 + Level 17.0 Evocations


You had 22 spell levels left.
You didn't know any spells.

Dungeon Overview and Level Annotations

Branches:
Dungeon (15/15)            Temple (0/1) D:4            Lair (6/6) D:11
 Shoals (4/4) Lair:3       Spider (4/4) Lair:2          Orc (2/2) D:9
    Elf (0/3) Orc:2        Vaults (5/5) D:14         Depths (5/5) D:15
    Zot (5/5) Depths:5
  Slime: Lair:5-6     Crypt: Vaults:2-3

Altars:
Kikubaaqudgha
Makhleb
Nemelex Xobeh
Qazlal
Sif Muna
Trog
Uskayaw
Beogh

Shops:
D:11 ?   Orc:2 [(*[   Shoals:4 [(   Vaults:2 (   Vaults:5 [   Depths:1 (
Depths:2 [(   Depths:4 }}=

Portals:
Hell: Depths:2 Depths:4
Abyss: Depths:2
Pandemonium: Depths:4
Ziggurat: Depths:3

Annotations:
D:8 Kenran's ghost, novice NaFi
Spider:4 exclusion: Roxanne, Roxanne
Vaults:5 puimuR's ghost, adept DDIE
Depths:4 exclusion: downstairs
Depths:5 Jorgrun; Sojobo


Innate Abilities, Weirdness & Mutations

You are resistant to damage.
You can recharge devices by infusing magical energy.
You resist negative energy. (rN+)
You passively map a large area around you.
You do not regenerate.
You are partially covered in molten scales. (AC +2)
You tend to lose your temper in combat.
Scrolls take you longer to read.
Armour fits poorly on your strangely shaped body.
Your body sometimes deteriorates upon taking damage.


Message History

Evoke which item? (* to show all) (? for menu, Esc to quit)
A mighty gale blasts forth from the fan!
Qeuc is blown away by the wind.
You are engulfed in freezing vapours.
You resist.
* * * LOW HITPOINT WARNING * * *
Evoke which item? (* to show all) (? for menu, Esc to quit)
Okay, then.
Qeuc is engulfed in freezing vapours.
Unknown command.
Found a meat ration.
Unknown command.
The ice encasing you melts away.
You hear a distant "Zot"!
Qeuc is engulfed in freezing vapours.
Qeuc gestures at you. The bolt of acid hits you!
* * * LOW HITPOINT WARNING * * *
Your body deteriorates!
You feel clumsy.
You are splashed with acid!
The acid burns!
You die...

........(.(§§.§§§#, # * , , ,
..##...(#(#§.§§§<# ≈.#., , ,
##.#..(.([[.§§(§§# %.. ,
........#.#§§§8&§###.# ., * *
* ..≈≈.≈....§§.8..§§#..#.. ,,
..≈≈.≈....§§§§.§.§§.§..., ,
..≈≈.≈≈.≈≈≈§.......§§∩..,
,,,,,
.≈≈≈.≈≈....§.§.§.§§§...., , *
.≈≈≈....≈≈≈≈§§.§@§§.§... , ,
, ......#....≈≈≈........#. ,
, , ,
∩....#####.≈≈≈.......... , ,
...>(###...≈≈≈........#. , *
...........≈≈≈.......... , ,,
......≈≈≈.≈≈≈≈≈.............
......≈≈≈.≈≈................,
#.....≈≈≈.≈..≈≈............#
#......≈≈...≈≈≈............#


You could see Qeuc.

Vanquished Creatures
  8 ancient liches
  6 orbs of fire (Zot:5)
  2 Killer Klowns
  Xtahua (Vaults:5)
  5 caustic shrikes (Depths:1)
  9 golden dragons
  A bone dragon (Depths:5)
  Nikola (Spider:1)
  2 electric golems
  Arachne (Spider:2)
  10 tentacled monstrosities
  The ghost of syranez the Executioner, an adept MiBe of Trog (Spider:4)
  25 Orb Guardians (Zot:5)
  5 titans
  A lich (Depths:4)
  2 sphinxes
  2 quicksilver dragons
  5 death cobs
  5 tengu reavers
  7 shadow dragons
  Agnes (Spider:4)
  4 storm dragons
  Ilsuiw (Shoals:4)
  2 draconian monks
  2 fire giants
  2 ghost moths (Spider:4)
  3 draconian knights (Zot:5)
  2 iron dragons (Vaults:5)
  4 emperor scorpions
  2 orc warlords (Orc:1)
  3 draconian scorchers
  2 draconian zealots (Zot:5)
  2 frost giants (Vaults:5)
  2 deep elf elementalists (Vaults:5)
  A deep elf sorcerer (Vaults:5)
  2 draconian shifters
  A spriggan defender (Depths:3)
  2 draconian annihilators
  5 ironheart preservers
  A war gargoyle (Vaults:5)
  2 draconian callers
  A large abomination (Vaults:5)
  9 vault wardens
  8 stone giants
  10 very ugly things
  A stone giant (shapeshifter) (Depths:5)
  2 vampire knights (Depths:5)
  3 entropy weavers
  A deep elf demonologist (Vaults:5)
  6 purple draconians
  5 white draconians
  2 red draconians
  6 black draconians
  11 yellow draconians
  4 mottled draconians
  A spark wasp (Spider:4)
  2 merfolk impalers
  8 ettins
  3 deep elf death magi (Vaults:5)
  4 fire dragons
  A minotaur (Lab)
  11 yaktaur captains
  4 jiangshi
  8 ogre magi
  4 merfolk javelineers
  A great orb of eyes (Vaults:2)
  11 ice dragons
  2 rakshasas
  3 deep elf high priests (Vaults:5)
  A hell beast (Depths:5)
  A spriggan air mage (Depths:3)
  The ghost of Sagrath01 the Cruncher, a journeyman DsWn of Qazlal (Orc:1)
  A hydra (Lair:2)
  2 merfolk avatars
  25 vault guards
  5 centaur warriors
  6 merfolk aquamancers
  An alligator snapping turtle (Shoals:4)
  5 dancing weapons
  2 deep troll shamans
  3 tengu warriors
  3 deep troll earth magi
  A death knight (Vaults:3)
  4 death yaks (Lair:3)
  4 satyrs
  2 vampire magi
  3 orc high priests (Orc:2)
  2 spriggan berserkers (Depths:3)
  A spriggan (Depths:3)
  Sonja (Lair:3)
  A deep elf knight (Vaults:5)
  A shadow wraith (Vaults:1)
  A small abomination (Vaults:5)
  A fire crab (shapeshifter) (D:15)
  4 iron trolls
  2 skeletal warriors
  3 flayed ghosts
  4 sea snakes
  4 deep elf archers
  12 deep trolls
  5 glowing orange brains
  A phantasmal warrior (Vaults:5)
  A swamp dragon (shapeshifter) (Depths:1)
  2 wizards
  8 orb spiders
  2 hill giants
  8 ironbrand convokers
  16 orc knights
  A harpy (shapeshifter) (Vaults:1)
  13 orc sorcerers
  A mana viper (shapeshifter) (Vaults:5)
  7 ugly things
  6 manticores
  14 fauns
  7 harpies
  6 deep elf magi
  23 wolf spiders
  7 cyclopes
  6 sirens
  2 vault sentinels (Vaults:5)
  12 moths of wrath
  3 water nymphs
  A storm dragon simulacrum (Vaults:3)
  4 spiny frogs
  A torpor snail (shapeshifter) (Vaults:5)
  2 ice devils
  A rime drake (Lair:3)
  2 freezing wraiths
  27 yaktaurs
  2 kobold demonologists (Bailey)
  13 demonic crawlers
  2 tengu conjurers
  14 merfolk
  4 komodo dragons
  A queen bee (shapeshifter) (D:15)
  3 wind drakes
  An efreet (D:13)
  31 jumping spiders
  5 trolls
  12 two-headed ogres
  A troll (shapeshifter) (D:15)
  13 hornets
  A two-headed ogre (shapeshifter) (D:13)
  15 slime creatures
  5 dream sheep
  2 blink frogs (shapeshifter)
  A hippogriff (shapeshifter) (D:15)
  5 hippogriffs
  6 snapping turtles
  15 water elementals
  21 tarantellas
  A wraith (Vaults:3)
  27 redbacks
  5 yaks (D:11)
  3 shadows
  A fire elemental (Orc:2)
  A tarantella (shapeshifter) (D:12)
  A wyvern (D:14)
  A basilisk (shapeshifter) (Depths:3)
  3 vampire mosquitoes (D:13)
  4 hungry ghosts
  2 mottled dragons
  6 wargs
  7 water moccasins
  3 porcupines
  A floating eye (shapeshifter) (Depths:5)
  An ice beast (D:5)
  44 orc warriors
  An ogre (shapeshifter) (Vaults:5)
  A sky beast (D:12)
  A black bear (D:4)
  A necrophage (D:12)
  22 ogres
  7 boggarts (Vaults:3)
  8 centaurs
  9 wolves
  5 crocodiles
  8 bullfrogs
  A big kobold (D:12)
  A glowing shapeshifter simulacrum (Vaults:2)
  A wyvern skeleton (D:12)
  A scorpion (D:8)
  An orc simulacrum (Vaults:2)
  12 killer bees
  5 wights (D:8)
  10 electric eels
  A howler monkey (D:11)
  3 crimson imps
  A quasit (D:12)
  2 centaur zombies
  A human simulacrum (Vaults:2)
  2 jellies
  13 orc priests
  A bullfrog skeleton (D:4)
  7 hounds
  19 orc wizards
  2 iguanas
  7 worker ants
  6 gnolls
  2 adders
  5 shadow imps
  4 white imps (IceCv)
  8 ufetubi (IceCv)
  An ooze (D:1)
  An adder zombie (D:9)
  A leopard gecko (D:7)
  77 orcs
  3 giant cockroaches
  8 goblins (Bailey)
  11 hobgoblins
  A jackal (D:11)
  11 kobolds
  A ball python (D:4)
  2 frilled lizards
  A leopard gecko skeleton (D:7)
  A leopard gecko zombie (D:7)
  A quokka zombie (D:7)
  3 rats
  A crawling corpse (Vaults:5)
  11 plants (Shoals:4)
1171 creatures vanquished.

Vanquished Creatures (others)
  A very ugly thing (Depths:5)
  A black draconian (Zot:1)
  A merfolk impaler (Shoals:2)
  An ice dragon (Depths:2)
  A great orb of eyes (Depths:5)
  A tengu warrior (Depths:2)
  2 orb spiders (Spider:1)
  A faun (Shoals:3)
  2 rust devils (Depths:2)
  A rime drake (shapeshifter) (Vaults:5)
  3 yaktaurs (Depths:2)
  A merfolk (Shoals:2)
  A jumping spider (Spider:1)
  A dream sheep (Shoals:3)
  A water elemental (Depths:2)
  A redback (Spider:1)
  A basilisk (shapeshifter) (D:15)
  A white imp (IceCv)
  An orc (Vaults:3)
  13 plants
  4 tentacles (Shoals:2)
40 creatures vanquished.

Grand Total: 1211 creatures vanquished

Notes
Turn   | Place    | Note
-------+----------+-------------------------------------------
     0 | D:1      | Charly the Deep Dwarf Gladiator began the quest for the Orb.
     0 | D:1      | Reached XP level 1. HP: 19/19 MP: 1/1
    58 | D:1      | Reached XP level 2. HP: 21/26 MP: 2/2
    58 | D:1      | Reached skill level 4 in Axes
    73 | D:2      | Found a bloodstained altar of Trog.
    88 | D:2      | Became a worshipper of Trog the Wrathful
   254 | D:4      | Noticed a black bear
   262 | D:4      | Killed a black bear
   262 | D:4      | Reached skill level 6 in Axes
   262 | D:4      | Reached XP level 3. HP: 15/32 MP: 3/3
   262 | D:4      | Reached XP level 4. HP: 19/39 MP: 4/4
   266 | D:4      | Found a stormy altar of Qazlal.
   295 | D:4      | Found an ancient bone altar of Kikubaaqudgha.
   295 | D:4      | Found a sparkling altar of Nemelex Xobeh.
   374 | D:4      | Reached XP level 5. HP: 16/45 MP: 5/5
   397 | D:4      | Found a staircase to the Ecumenical Temple.
   432 | D:5      | Entered Level 5 of the Dungeon
   532 | D:5      | Noticed an ice beast
   557 | D:5      | Killed an ice beast
   557 | D:5      | Reached skill level 7 in Axes
   557 | D:5      | Reached XP level 6. HP: 36/55 MP: 6/6
   583 | D:6      | Noticed an orc warrior
   596 | D:6      | Reached * piety under Trog
   605 | D:6      | Killed an orc warrior
   605 | D:6      | Reached skill level 8 in Axes
   605 | D:6      | Reached XP level 7. HP: 36/62 MP: 7/7
   822 | D:8      | Reached skill level 9 in Axes
   827 | D:8      | Reached XP level 8. HP: 73/73 MP: 7/7
   872 | D:8      | Reached ** piety under Trog
   891 | D:8      | Reached skill level 10 in Axes
   907 | D:8      | Noticed Kenran's ghost (novice NaFi)
   955 | D:8      | Reached skill level 5 in Fighting
   965 | D:8      | Found a hide-covered altar of Uskayaw.
  1109 | D:8      | Reached skill level 11 in Axes
  1154 | D:9      | Gained mutation: You passively map the area around you. [Deep Dwarf growth]
  1154 | D:9      | Reached XP level 9. HP: 81/82 MP: 7/7
  1312 | D:10     | Entered Level 10 of the Dungeon
  1326 | D:10     | Noticed a troll
  1331 | D:10     | Killed a troll
  1431 | D:11     | Reached skill level 12 in Axes
  1439 | D:11     | Noticed a troll
  1443 | D:11     | Reached skill level 1 in Armour
  1454 | D:11     | Killed a troll
  1515 | D:11     | Reached *** piety under Trog
  1585 | D:12     | Noticed a deep elf mage
  1592 | D:12     | Noticed a red devil
  1596 | D:12     | Noticed a demonic crawler
  1596 | D:12     | Noticed a demonic crawler
  1601 | D:12     | Killed a deep elf mage
  1601 | D:12     | Reached XP level 10. HP: 76/92 MP: 7/7
  1661 | D:13     | Noticed a hill giant
  1755 | D:12     | Reached skill level 5 in Armour
  1785 | D:12     | Reached skill level 5 in Dodging
  1907 | D:13     | Noticed a manticore
  1911 | D:13     | Reached skill level 13 in Axes
  1951 | D:13     | Reached **** piety under Trog
  2081 | D:13     | Got a pair of pitted boots
  2087 | D:13     | Identified the cursed +0 pair of boots of Boredom {*Contam rElec rF+} (You found it on level 13 of the Dungeon)
  2095 | D:13     | Noticed a white ugly thing
  2106 | D:13     | Killed a white ugly thing
  2133 | D:13     | Noticed a skeletal warrior
  2133 | D:13     | Noticed a skeletal warrior
  2133 | D:13     | Noticed a skeletal warrior
  2156 | D:13     | Killed a skeletal warrior
  2210 | D:12     | Noticed a hill giant
  2219 | D:12     | Killed a hill giant
  2219 | D:12     | Reached XP level 11. HP: 98/102 MP: 6/6
  2434 | D:11     | Found a staircase to the Lair.
  2437 | D:11     | Reached skill level 1 in Evocations
  2449 | Lair:1   | Entered Level 1 of the Lair of Beasts
  2482 | Lair:2   | Noticed a six-headed hydra
  2491 | Lair:2   | Killed a six-headed hydra
  2491 | Lair:2   | Reached skill level 14 in Axes
  2821 | Lair:5   | Reached ***** piety under Trog
  3023 | Lair:5   | Found a frozen archway.
  3029 | Lair:5   | Found a labyrinth entrance.
  3038 | Lab      | Entered a labyrinth
  3331 | Lab      | Noticed a minotaur
  3341 | Lab      | Killed a minotaur
  3341 | Lab      | Reached skill level 5 in Evocations
  3343 | Lab      | Got a crude chain mail
  3343 | Lab      | Got a bound ruby amulet
  3356 | Lab      | Identified the +6 chain mail of the Gardener {MR+ rCorr Dex+4} (You found it in a labyrinth)
  3356 | Lab      | Identified the amulet "Ujyopipn" {Harm *Drain rPois Str+3 Int+4 Slay-4} (You found it in a labyrinth)
  3357 | Lab      | THE ULTIMTE SHIT
  3370 | IceCv    | Entered an ice cave
  3485 | Lair:6   | Entered Level 6 of the Lair of Beasts
  3582 | Lair:3   | Noticed Sonja
  3584 | Lair:3   | Killed Sonja
  3584 | Lair:3   | Reached XP level 12. HP: 103/112 MP: 6/8
  3621 | Lair:3   | Noticed a death yak
  3621 | Lair:3   | Noticed a death yak
  3622 | Lair:3   | Noticed a death yak
  3622 | Lair:3   | Noticed a death yak
  3645 | Lair:3   | Killed a death yak
  3645 | Lair:3   | Reached skill level 15 in Axes
  3669 | Lair:3   | Killed a death yak
  3681 | Lair:3   | Killed a death yak
  3691 | Lair:3   | Killed a death yak
  3838 | D:11     | Found Kutou's Magic Scroll Shop.
  3846 | D:11     | Bought a scroll of magic mapping for 42 gold pieces
  3980 | D:9      | Found a staircase to the Orcish Mines.
  3985 | Orc:1    | Entered Level 1 of the Orcish Mines
  4074 | Orc:1    | Received a gift from Trog
  4114 | Orc:1    | Found a flagged portal.
  4127 | Bailey   | Entered a bailey
  4164 | Bailey   | Found an iron altar of Okawaru.
  4610 | Orc:2    | Entered Level 2 of the Orcish Mines
  4635 | Orc:2    | Found Buly's Armour Shoppe.
  4670 | Orc:1    | Found a roughly hewn altar of Beogh.
  4752 | Orc:1    | Noticed an orc warlord
  4756 | Orc:1    | Noticed an orc warlord
  4756 | Orc:1    | Reached skill level 16 in Axes
  4842 | Orc:1    | Killed an orc warlord
  4921 | Orc:1    | Killed an orc warlord
  4921 | Orc:1    | Reached skill level 17 in Axes
  4921 | Orc:1    | Reached XP level 13. HP: 45/121 MP: 8/8
  4926 | Orc:1    | Received a gift from Trog
  4927 | Orc:1    | Got an iridescent war axe {god gift}
  4928 | Orc:1    | Identified the +11 war axe of Trial by Ordeal {flame, rC+} (Trog gifted it to you on level 1 of the Orcish Mines)
  4960 | Orc:1    | Noticed Sagrath01's ghost (journeyman DsWn)
  4988 | Orc:1    | Gained mutation: Your magical capacity is low. (-10% MP) [mutagenic glow]
  5003 | Orc:1    | Killed Sagrath01's ghost
  5033 | Orc:1    | Got a scorched plate armour
  5048 | Orc:1    | Identified the +4 plate armour "Ehyariv" {-Cast Regen+ rCorr Dex+3} (You took it off an orc knight on level 1 of the Orcish Mines)
  5300 | Orc:2    | Found a staircase to the Elven Halls.
  5317 | Orc:2    | Gained mutation: Your body sometimes deteriorates upon taking damage. [a neqoxec]
  5384 | Orc:2    | Found Moiraige's Antique Armour Emporium.
  5499 | Orc:2    | Found Haotuahe's Antique Armour Emporium.
  5500 | Orc:2    | Found Gys Hali's Assorted Antiques.
  5501 | Orc:2    | Found Araenaa's Weapon Boutique.
  5520 | Orc:2    | Bought a fine chain mail for 304 gold pieces
  5530 | Orc:2    | Identified the +9 chain mail "Viugoenn" {Str+3} (You bought it in a shop on level 2 of the Orcish Mines)
  5540 | Orc:2    | Bought a glowing coral ring for 145 gold pieces
  5543 | Orc:2    | Bought a pair of spiked gloves for 237 gold pieces
  5543 | Orc:2    | Bought the +0 mask of the Dragon {MR+ Slay+3 SInv} for 835 gold pieces
  5548 | Orc:2    | Identified the +0 pair of gloves "Dummiddu" {Dex+4} (You bought it in a shop on level 2 of the Orcish Mines)
  5591 | Orc:2    | Received a gift from Trog
  5763 | Orc:2    | Bought a small agate ring for 145 gold pieces
  5923 | Lair:2   | Found a hole to the Spider Nest.
  5938 | Spider:1 | Entered Level 1 of the Spider Nest
  5970 | Spider:1 | Noticed Nikola
  5998 | Spider:1 | Killed Nikola
  5998 | Spider:1 | Reached skill level 18 in Axes
  6093 | Spider:1 | Gained mutation: You resist negative energy. (rN+) [Deep Dwarf growth]
  6093 | Spider:1 | Reached XP level 14. HP: 50/130 MP: 6/6
  6120 | Spider:1 | Received a gift from Trog
  6209 | Spider:2 | Noticed Arachne
  6226 | Spider:1 | Noticed an emperor scorpion
  6241 | Spider:1 | Killed an emperor scorpion
  6241 | Spider:1 | Reached skill level 10 in Fighting
  6241 | Spider:1 | Reached skill level 10 in Armour
  6247 | Spider:1 | Noticed an entropy weaver
  6255 | Spider:1 | Killed an entropy weaver
  6342 | Spider:2 | Killed Arachne
  6342 | Spider:2 | Reached skill level 10 in Dodging
  6407 | Spider:2 | Noticed an entropy weaver
  6423 | Spider:2 | Killed an entropy weaver
  6526 | Spider:4 | Entered Level 4 of the Spider Nest
  6553 | Spider:4 | Noticed Roxanne
  6574 | Spider:4 | Got an ancient chain mail
  6585 | Spider:4 | Identified the +8 chain mail of the Tired Planets {rPois Regen+ Int+8 Stlth-} (You found it on level 4 of the Spider Nest)
  6640 | Spider:4 | Noticed an emperor scorpion
  6643 | Spider:4 | Noticed an emperor scorpion
  6649 | Spider:4 | Noticed Agnes
  6652 | Spider:4 | Killed an emperor scorpion
  6652 | Spider:4 | Reached skill level 10 in Evocations
  6654 | Spider:4 | Killed an emperor scorpion
  6665 | Spider:4 | Killed Agnes
  6689 | Spider:4 | Noticed syranez's ghost (adept MiBe)
  6706 | Spider:4 | Killed syranez's ghost
  6706 | Spider:4 | Reached skill level 19 in Axes
  6751 | Spider:4 | Noticed an entropy weaver
  6778 | Spider:4 | Killed an entropy weaver
  6818 | Spider:4 | Paralysed by a hornet for 3 turns
  6852 | Spider:4 | Reached XP level 15. HP: 81/140 MP: 7/7
  6915 | Spider:4 | Noticed a ghost moth
  6923 | Spider:4 | Killed a ghost moth
  6986 | Spider:4 | Received a gift from Trog
  7025 | Spider:4 | Noticed a ghost moth
  7036 | Spider:4 | Killed a ghost moth
  7045 | Spider:4 | Got a gossamer rune of Zot
  7136 | Spider:3 | Got a crude bronze amulet
  7144 | Spider:3 | Identified the amulet "Elizxehu" {rF+ Regen+ MP+9 Str-5 Slay+5} (You found it on level 3 of the Spider Nest)
  7316 | Lair:3   | Found a staircase to the Shoals.
  7324 | Shoals:1 | Entered Level 1 of the Shoals
  7406 | Shoals:1 | Received a gift from Trog
  7559 | Shoals:2 | Noticed a kraken
  7675 | Shoals:3 | Found a flickering gateway to a bazaar.
  7719 | Bazaar   | Entered a bazaar
  7721 | Bazaar   | Found Efaesab's Jewellery Boutique.
  7725 | Bazaar   | Found Ygra's Distillery.
  7725 | Bazaar   | Found Juedaesch's Book Boutique.
  7726 | Bazaar   | Found Tinidyka's Assorted Antiques.
  7743 | Bazaar   | Bought an uncursed ring of protection from cold for 425 gold pieces
  7748 | Bazaar   | Bought a scroll labeled GOJUBOFOTT for 23 gold pieces
  7748 | Bazaar   | Bought a scroll labeled GOJUBOFOTT for 23 gold pieces
  7748 | Bazaar   | Bought a murky brown potion for 20 gold pieces
  7748 | Bazaar   | Bought a purple potion for 20 gold pieces
  7786 | Shoals:4 | Entered Level 4 of the Shoals
  7786 | Shoals:4 | Found Tauwn's Weapon Shop.
  7818 | Shoals:4 | Reached skill level 20 in Axes
  8162 | Shoals:4 | Noticed Ilsuiw
  8184 | Shoals:4 | Killed Ilsuiw
  8186 | Shoals:4 | Reached XP level 16. HP: 105/148 MP: 8/8
  8276 | Shoals:4 | Found Miuhag's Armour Emporium.
  8279 | Shoals:4 | Got a barnacled rune of Zot
  8740 | D:14     | Found a burning altar of Makhleb.
  8796 | D:14     | Found a gate to the Vaults.
  8827 | Vaults:1 | Entered Level 1 of the Vaults
  8876 | Vaults:1 | Reached skill level 21 in Axes
  8947 | Vaults:1 | Noticed a sphinx
  8953 | Vaults:1 | Killed a sphinx
  9223 | Vaults:2 | Found a deep blue altar of Sif Muna.
  9255 | Vaults:2 | Found Jufohusm's Antique Weapon Boutique.
  9275 | Vaults:2 | Received a gift from Trog
  9318 | Vaults:2 | Reached XP level 17. HP: 91/157 MP: 8/8
  9624 | Vaults:4 | Reached skill level 22 in Axes
  9817 | D:15     | Entered Level 15 of the Dungeon
  9957 | D:15     | Found a staircase to the Depths.
  9972 | Depths:1 | Entered Level 1 of the Depths
  9974 | Depths:1 | Noticed a caustic shrike
  9974 | Depths:1 | Noticed a caustic shrike
  9974 | Depths:1 | Noticed a caustic shrike
  9974 | Depths:1 | Noticed a caustic shrike
  9975 | Depths:1 | Noticed a caustic shrike
 10029 | Depths:1 | Found Naddaxt's Antique Weapon Shop.
 10077 | Depths:1 | Killed a caustic shrike
 10094 | Depths:1 | Killed a caustic shrike
 10104 | Depths:1 | Killed a caustic shrike
 10154 | Depths:1 | Killed a caustic shrike
 10270 | Depths:1 | Killed a caustic shrike
 10332 | Depths:2 | Found Puogguh's Antique Weapon Shoppe.
 10419 | Depths:2 | Gained mutation: You passively map a large area around you. [Deep Dwarf growth]
 10419 | Depths:2 | Reached XP level 18. HP: 57/168 MP: 7/7
 10481 | Depths:2 | Found a gateway to Hell.
 10504 | Depths:2 | Found a one-way gate to the infinite horrors of the Abyss.
 10550 | Depths:3 | Found a gateway to a ziggurat.
 10550 | Depths:3 | Noticed an ancient lich
 10704 | Depths:4 | Found a one-way gate leading to the halls of Pandemonium.
 10713 | Depths:4 | Reached skill level 15 in Dodging
 10723 | Depths:5 | Entered Level 5 of the Depths
 10728 | Depths:5 | Noticed a Hell Sentinel
 10734 | Depths:4 | Reached skill level 23 in Axes
 10796 | Depths:5 | Reached skill level 15 in Armour
 10872 | Depths:5 | Got a pitted plate armour
 10883 | Depths:5 | Identified the cursed +1 plate armour of Eternal Night {rElec rF+++ rCorr Dex-2} (You found it on level 5 of the Depths)
 10899 | Depths:5 | Noticed Jorgrun
 10899 | Depths:5 | Noticed Sojobo
 10956 | Depths:4 | Found Cupnac's Gadget Boutique.
 10957 | Depths:4 | Found Uhiaf's Jewellery Shoppe.
 10973 | Depths:4 | Found Alodwuez's Gadget Boutique.
 11085 | Depths:2 | Found Wiruwar's Armour Shoppe.
 11335 | Vaults:5 | Entered Level 5 of the Vaults
 11335 | Vaults:5 | Noticed a tentacled monstrosity
 11431 | Vaults:5 | Noticed an ancient lich
 11452 | Vaults:5 | Noticed Xtahua
 11456 | Vaults:5 | Killed an ancient lich
 11476 | Vaults:5 | Killed Xtahua
 11476 | Vaults:5 | Reached XP level 19. HP: 78/177 MP: 5/5
 11521 | Vaults:5 | Noticed an ancient lich
 11523 | Vaults:5 | Noticed a golden dragon
 11567 | Vaults:5 | Killed a golden dragon
 11704 | Vaults:5 | Killed an ancient lich
 11735 | Vaults:5 | Found Tefoiree's Antique Armour Shop.
 11788 | Vaults:5 | Bought a distressingly furry cloak for 456 gold pieces
 11866 | Vaults:5 | Identified the +0 cloak of the Soldier {*Contam Regen+ Str-4 Dex+8} (You bought it in a shop on level 5 of the Vaults)
 11918 | Vaults:5 | Gained mutation: You tend to lose your temper in combat. [mutagenic glow]
 11925 | Vaults:5 | Lost mutation: Your body sometimes deteriorates upon taking damage. [potion of cure mutation]
 11925 | Vaults:5 | Lost mutation: Your magical capacity is low. (-10% MP) [potion of cure mutation]
 11925 | Vaults:5 | Lost mutation: You tend to lose your temper in combat. [potion of cure mutation]
 12018 | Vaults:5 | Reached skill level 24 in Axes
 12036 | Vaults:5 | Got a fine bronze amulet
 12039 | Vaults:5 | Identified the amulet "Zadexifyne" {Gourm rN+ MR+ MP-9} (You took it off a deep elf elementalist on level 5 of the Vaults)
 12290 | Vaults:5 | Reached XP level 20. HP: 79/188 MP: 7/7
 12598 | Vaults:5 | Noticed puimuR's ghost (adept DDIE)
 12721 | Vaults:5 | Got a faintly humming plate armour
 12732 | Vaults:5 | Identified the +8 plate armour of Gyomiso {rPois Str-3 Int+6 Dex-4} (You found it on level 5 of the Vaults)
 12747 | Vaults:5 | Got a silver rune of Zot
 12780 | Vaults:5 | Noticed a golden dragon
 12787 | Vaults:5 | Killed a golden dragon
 13031 | D:11     | Bought a scroll of identify for 24 gold pieces
 13031 | D:11     | Bought a scroll of enchant weapon for 90 gold pieces
 13031 | D:11     | Bought a scroll of enchant weapon for 90 gold pieces
 13031 | D:11     | Bought a scroll of identify for 24 gold pieces
 13031 | D:11     | Bought a scroll of enchant weapon for 90 gold pieces
 13031 | D:11     | Bought a scroll of enchant armour for 90 gold pieces
 13249 | Depths:4 | Bought the ring of Xom's Flight of Fancy {rF++ AC+3 Int+2} for 795 gold pieces
 13255 | Depths:4 | Gained mutation: You are partially covered in molten scales. (AC +2) [potion of beneficial mutation]
 13330 | Depths:5 | Noticed a golden dragon
 13338 | Depths:5 | Killed a golden dragon
 13557 | Depths:5 | Found a gate to the Realm of Zot.
 13558 | Depths:5 | Noticed a bone dragon
 13573 | Depths:5 | Killed a bone dragon
 13585 | Depths:5 | Paralysed by a floating eye for 4 turns
 13632 | Zot:1    | Entered Level 1 of the Realm of Zot
 13647 | Zot:1    | Noticed a golden dragon
 13662 | Zot:1    | Killed a golden dragon
 13734 | Zot:2    | Reached XP level 21. HP: 100/198 MP: 7/7
 13790 | Zot:2    | Noticed a golden dragon
 13804 | Zot:2    | Killed a golden dragon
 13804 | Zot:2    | Reached skill level 25 in Axes
 13815 | Zot:2    | Noticed a golden dragon
 13829 | Zot:2    | Killed a golden dragon
 13881 | Zot:3    | Noticed a golden dragon
 13889 | Zot:3    | Killed a golden dragon
 13915 | Zot:4    | Reached skill level 15 in Evocations
 13952 | Zot:5    | Entered Level 5 of the Realm of Zot
 14034 | Zot:5    | Noticed a golden dragon
 14045 | Zot:5    | Killed a golden dragon
 14133 | Zot:5    | Noticed an ancient lich
 14160 | Zot:5    | Killed an ancient lich
 14169 | Zot:5    | Noticed an ancient lich
 14187 | Zot:5    | Killed an ancient lich
 14210 | Zot:5    | Noticed an orb of fire
 14266 | Zot:5    | Noticed an orb of fire
 14267 | Zot:5    | Noticed an ancient lich
 14280 | Zot:5    | Noticed an ancient lich
 14289 | Zot:5    | Killed an orb of fire
 14290 | Zot:5    | Noticed an orb of fire
 14294 | Zot:5    | Gained mutation: You tend to lose your temper in combat. [an orb of fire]
 14296 | Zot:5    | Noticed an orb of fire
 14297 | Zot:5    | Noticed a golden dragon
 14299 | Zot:5    | Killed an ancient lich
 14311 | Zot:5    | Killed an ancient lich
 14311 | Zot:5    | Reached XP level 22. HP: 103/207 MP: 5/6
 14312 | Zot:5    | Noticed an ancient lich
 14313 | Zot:5    | Noticed an orb of fire
 14316 | Zot:5    | Noticed a Killer Klown
 14350 | Zot:5    | Killed an orb of fire
 14353 | Zot:5    | Gained mutation: Scrolls take you a little longer to read. [an orb of fire]
 14362 | Zot:5    | Killed an orb of fire
 14383 | Zot:5    | Noticed an ancient lich
 14441 | Zot:4    | Gained mutation: Scrolls take you longer to read. [mutagenic glow]
 14505 | Zot:3    | Killed a Killer Klown
 14623 | Zot:5    | Killed an ancient lich
 14625 | Zot:5    | Killed an ancient lich
 14707 | Zot:5    | Noticed a Killer Klown
 14721 | Zot:5    | Killed a Killer Klown
 14723 | Zot:5    | Noticed an orb of fire
 14731 | Zot:5    | Noticed a golden dragon
 14775 | Zot:5    | Killed an orb of fire
 14775 | Zot:5    | Reached skill level 15 in Fighting
 14843 | Zot:5    | Noticed an orb of fire
 14864 | Zot:5    | Killed an orb of fire
 14864 | Zot:5    | Reached skill level 26 in Axes
 15105 | Zot:5    | Reached XP level 23. HP: 192/217 MP: 3/3
 15156 | Zot:5    | Gained mutation: Armour fits poorly on your strangely shaped body. [an orb of fire]
 15166 | Zot:5    | Gained mutation: Your body sometimes deteriorates upon taking damage. [an orb of fire]
 15180 | Zot:5    | Killed an orb of fire
 15206 | Zot:5    | Got the Orb of Zot
 15276 | Zot:5    | Noticed Riqicug the pandemonium lord
 15460 | Depths:2 | Noticed Qeuc the pandemonium lord
 15467 | Depths:2 | HP: 2/217 [Qeuc the pandemonium lord/bolt of acid (51)]
 15467 | Depths:2 | Splashed by Qeuc the pandemonium lord's acid

Skill      XL: |  1  2  3  4  5  6  7  8  9 10 11 12 13 14 15 16 17 18 19 20 21 22 23 |
---------------+----------------------------------------------------------------------+-----
Axes           | 6 7 8 9 11 12 13 14 17 18 19 20 21 22 23 24 25 26 | 26.3
Fighting       | 2 3 4 5 6 7 8 9 10 11 12 13 14 15 | 15.3
Armour         | 4 6 8 9 11 12 13 14 15 16 17 18 19 20 | 20.0
Dodging        | 4 6 7 8 9 10 12 13 14 15 16 17 18 | 18.3
Evocations     | 5 6 8 10 11 13 14 15 16 17 | 17.0
Throwing       | |  1.7

Action                   |  1- 3 |  4- 6 |  7- 9 | 10-12 | 13-15 | 16-18 | 19-21 | 22-24 || total
-------------------------+-------+-------+-------+-------+-------+-------+-------+-------++-------
Melee: War axe           |    46 |    70 |    73 |       |   243 |       |       |       ||   432
       Battleaxe         |       |       |   169 |   391 |       |       |    85 |   172 ||   817
       Demon whip        |       |       |       |   232 |       |       |       |       ||   232
       Executioner's axe |       |       |       |   114 |   434 |   741 |   819 |   183 ||  2291
 Fire: Blowgun           |       |       |       |       |    12 |       |       |       ||    12
Throw: Throwing net      |     2 |     3 |       |     1 |       |     1 |     1 |       ||     8
Invok: Berserk           |       |     1 |    10 |    18 |    13 |    15 |     8 |     6 ||    71
       Trog's Hand       |       |       |     2 |     8 |    39 |    49 |    66 |    25 ||   189
       Burn Spellbooks   |       |       |     2 |     1 |       |     3 |     3 |       ||     9
       Brothers in Arms  |       |       |       |       |     1 |     3 |       |       ||     4
 Abil: Device Recharging |       |       |     3 |     7 |     3 |     7 |     7 |     7 ||    34
       Evoke Invisibilit |       |       |       |     1 |    10 |     6 |     4 |     3 ||    24
       Turn Visible      |       |       |       |       |    10 |     5 |     3 |     2 ||    20
       Evoke Flight      |       |       |       |       |     8 |     2 |       |       ||    10
Evoke: Wand              |       |     4 |    12 |    50 |    40 |    50 |    35 |    38 ||   229
       Fan of gales      |       |       |       |     1 |       |       |       |     1 ||     2
  Use: Scroll            |       |       |    11 |    19 |    15 |     9 |    18 |       ||    72
       Potion            |       |       |     3 |     1 |     7 |     6 |     7 |     2 ||    26
 Stab: Sleeping          |     2 |       |       |       |     1 |       |       |       ||     3
       Held in net/web   |     1 |     2 |       |       |       |       |       |       ||     3
       Confused          |       |       |       |     1 |     2 |       |     2 |       ||     5
       Invisible         |       |       |       |       |    41 |    37 |    45 |    10 ||   133
       Distracted        |       |       |       |       |       |     1 |     3 |       ||     4
  Eat: Chunk             |       |       |    13 |    17 |    25 |    14 |    14 |     4 ||    87
       Meat ration       |       |       |       |     5 |     4 |     5 |     5 |       ||    19
       Bread ration      |       |       |       |     1 |       |       |     3 |     5 ||     9
       Beef jerky        |       |       |       |     1 |       |     3 |       |       ||     4
       Pizza             |       |       |       |     1 |       |     1 |       |       ||     2
       Fruit             |       |       |       |       |     5 |       |       |       ||     5
       Royal jelly       |       |       |       |       |       |     1 |       |       ||     1
Armor: Leather armour    |    11 |       |       |       |       |       |       |       ||    11
       Ring mail         |     5 |    37 |     1 |       |       |       |       |       ||    43
       Plate armour      |       |       |   227 |    82 |       |       |       |       ||   309
       Scale mail        |       |       |       |   107 |       |       |       |       ||   107
       Chain mail        |       |       |       |   117 |   470 |   375 |   145 |       ||  1107
       Gold dragon scale |       |       |       |       |       |       |   285 |   199 ||   484
Dodge: Dodged            |    23 |    57 |   172 |   415 |   623 |   703 |   493 |   202 ||  2688
